[Event "*** Titled Tuesday Blitz"]
[Site "Chess.com"]
[Date "2020.05.12"]
[Round "5"]
[White "FMOlexandrProhorov"]
[Black "Ranindu2003"]
[Result "1-0"]
[WhiteElo "2119"]
[BlackElo "2434"]
[TimeControl "180+1"]
[EndTime "10:56:25 PDT"]
[Termination "FMOlexandrProhorov won by resignation"]

1. e4 g6 2. d4 Bg7 3. Nc3 d6 4. Bc4 a6 5. a4 e6 6. Qe2 b6 7. Nf3 Bb7 8. Bg5 Ne7 9. O-O-O h6 10. Bh4 Nd7 11. Rhe1 O-O 12. h3 Qe8 13. g4 Nc6 14. Bg3 e5 15. dxe5 Ndxe5 16. Nd5 Rc8 17. Bb3 Na5 18. Bh4 g5 19. Bg3 Bc6 20. Nxe5 dxe5 21.
Qf3 Nxb3+ 22. cxb3 Qe6 23. Qc3 Rfd8 24. f3 Bxd5 25.
exd5 Rxd5 26. Rxd5 Qxd5 27. Rd1 Qe6 28. Qc4 Qe7 29. Qd5 Re8 30. Qd7 e4 31. Qxe7 Rxe7 32. fxe4 Rxe4 33. Rd7 c5 34. Rb7 Re2 35. Rxb6 Rxb2 36.
a5 Ra2 37. Rxa6 Rg2 38. Bd6 Bd4 39. Ra8+ Kg7 40. a6 Ra2 41. a7 c4 42. bxc4 Rxa7 43.
Rd8 Ra1+ 44. Kc2 Bf6 45. Bf8+ Kg6 46. Rd6 Ra2+ 47. Kb3 Rb2+ 48. Ka4 Ra2+ 49. Kb5 Rb2+ 50. Kc6 Rc2 51. c5 Rf2 52. Be7 h5 53. Rxf6+ Rxf6+ 54. Bxf6 Kxf6 55. gxh5 Kg7 56. Kd5 f5 57. c6 f4 58.
Ke4 f3 59. Kxf3 1-0

[Event "*** Titled Tuesday Blitz"]
[Site "Chess.com"]
[Date "2020.05.12"]
[Round "5"]
[White "Lennis93"]
[Black "top_bu_tz"]
[Result "1/2-1/2"]
[WhiteElo "2366"]
[BlackElo "2211"]
[TimeControl "180+1"]
[EndTime "10:56:25 PDT"]
[Termination "Game drawn by repetition"]

1. e4 e5 2. Nc3 Nf6 3. Bc4 Nxe4 4. Qh5 Nd6 5. Qxe5+ Qe7 6. Qxe7+ Bxe7 7. Bb3 O-O 8. Nf3 c6 9. O-O Bf6 10. d4 Nf5 11. Ne4 Bxd4 12. Nxd4 Nxd4 13. Nd6 Nxb3 14.
axb3 b6 15. Re1 a5 16. Be3 c5 17. c3 Nc6 18. Rad1 Ba6 19. Rd2 f6 20. Red1 Ne5 21.
h3 Nf7 22. Nf5 Bb5 23. Ne7+ Kh8 24. b4 axb4 25. cxb4 cxb4 26. Nd5 Bc6 27. Nxb6 Rab8 28. Nxd7 Bxd7 29. Rxd7 Ne5 30. Ra7 Nc4 31. Bc5 Rfd8 32. Re1 Nxb2 33. Ree7 Nd3 34. Be3 Rg8 35. Bh6 b3 36.
Bxg7+ Rxg7 37. Rxg7 b2 38. Rxh7+ Kg8 39. Rag7+ Kf8 40. Rb7 b1=Q+ 41. Rxb1 Rxb1+ 42. Kh2 Nxf2 43. Kg3 Ne4+ 44. Kf4 Nd6 45. Rd7 Rb4+ 46. Kf3 Rb6 47. g4 Ke8 48. Ra7 Kf8 49. h4 Nf7 50. h5 Rb4 51.
Ra8+ Kg7 52. Ra7 Kf8 53. Ra8+ Ke7 54. Ra7+ Kf8 1/2-1/2

[Event "*** Titled Tuesday Blitz"]
[Site "Chess.com"]
[Date "2020.05.12"]
[Round "5"]
[White "HarryCun"]
[Black "Kislov_Oleg"]
[Result "1-0"]
[WhiteElo "2194"]
[BlackElo "2330"]
[TimeControl "180+1"]
[EndTime "10:56:25 PDT"]
[Termination "HarryCun won by checkmate"]

1. Nf3 d5 2. g3 Nf6 3. Bg2 Bg4 4. O-O c6 5. d3 Nbd7 6. Nbd2 e5 7. e4 dxe4 8. dxe4 Bc5 9. h3 Bh5 10. g4 Bg6 11. Re1 Qe7 12. Nh4 Rd8 13. Nf5 Bxf5 14. exf5 O-O 15. Qe2 Nd5 16. Nf3 Rfe8 17. b3 e4 18. Nh2 Bd4 19. Bd2 Bxa1 20. Rxa1 Qe5 21. Re1 Qb2 22. c4 Nc3 23. Qe3 Nxa2 24. Nf1 b6 25.
Re2 Nc5 26. Bb4 Qa1 27. Re1 Qd4 28. Qxd4 Rxd4 29. Bxc5 bxc5 30. Ra1 Nc3 31. Rxa7 Ne2+ 32. Kh2 Nf4 33. Rc7 Nxg2 34. Kxg2 Rd3 35. Rxc6 Rxb3 36. Rxc5 Rb2 37. Ne3 Rd8 38. Kg3 h6 39. Re5 Rdd2 40.
Rxe4 Rxf2 41. c5 Rfd2 42. c6 Rd8 43. c7 Rc8 44. Nd5 Kf8 45. Rd4 Rb3+ 46. Kf4 Rb5 47. Ke5 Rc5 48. Kd6 Rc1 49. Kd7 Re8 50. Rb4 Rd1 51. Kd6 Rc8 52. Rb8 Rxb8 53. cxb8=Q# 1-0

[Event "*** Titled Tuesday Blitz"]
[Site "Chess.com"]
[Date "2020.05.12"]
[Round "5"]
[White "TheSodabread"]
[Black "ZoltanChef"]
[Result "1-0"]
[WhiteElo "1961"]
[BlackElo "2122"]
[TimeControl "180+1"]
[EndTime "10:56:25 PDT"]
[Termination "TheSodabread won by checkmate"]

1. d4 g6 2. e4 Bg7 3. Nc3 c5 4. dxc5 Bxc3+ 5. bxc3 Qa5 6. Qd4 Nf6 7. Qb4 Nc6 8. Qxa5 Nxa5 9. Bd3 b6 10. cxb6 axb6 11.
Be3 Ba6 12. Bxb6 Nc4 13. Bd4 e5 14. Bxc4 exd4 15. Bxa6 Rxa6 16. cxd4 Nxe4 17. Ne2 O-O 18. f3 Nd6 19. a4 Re8 20. Kf2 Nf5 21. Rhd1 Rea8 22.
Nc3 Rc6 23. Ra3 Rac8 24. Rd3 Nxd4 25. Rxd4 Rxc3 26. Rxc3 Rxc3 27. Rxd7 Rxc2+ 28. Kg3 Ra2 29. Ra7 h5 30. h4 Kg7 31. a5 Kf6 32. a6 Ke6 33. Ra8 Kf6 34. a7 Kg7 35. Kh3 Kf6 36. g3 Ra3 37. Kg2 Ra2+ 38. Kf1 Kg7 39. g4 Kh7 40.
gxh5 gxh5 41. Ke1 Kg7 42. Kd1 Kh7 43. Kc1 Kg7 44. Kb1 Ra6 45. Kb2 Ra5 46. Kb3 Ra6 47. Kb4 Ra1 48. Kc5 Rc1+ 49. Kd5 Rd1+ 50. Ke5 Re1+ 51.
Kf5 Ra1 52. f4 Ra5+ 53. Ke4 Kh7 54. f5 f6 55. Kd4 Kg7 56. Kc4 Ra1 57. Kb3 Rb1+ 58.
Ka2 Rb6 59. Rg8+ Kxg8 60. a8=Q+ Kg7 61. Qa7+ Kh6 62. Qxb6 Kg7 63. Kb3 Kf7 64. Kc3 Kg7 65. Kd4 Kh6 66. Qxf6+ Kh7 67. Qg5 Kh8 68. f6 Kh7 69.
Qg7# 1-0

[Event "*** Titled Tuesday Blitz"]
[Site "Chess.com"]
[Date "2020.05.12"]
[Round "5"]
[White "14Sokol88"]
[Black "Abund"]
[Result "0-1"]
[WhiteElo "2384"]
[BlackElo "2624"]
[TimeControl "180+1"]
[EndTime "10:56:26 PDT"]
[Termination "Abund won on time"]

1. e4 c5 2. Nf3 Nc6 3. d4 cxd4 4.
Nxd4 Nf6 5. Nc3 e5 6. Ndb5 d6 7.
Bg5 a6 8. Na3 b5 9. Nd5 Be7 10.
Bxf6 Bxf6 11. c3 Rb8 12. Nc2 Bg5 13. g3 O-O 14. Bg2 a5 15. a3 Ne7 16. Nce3 Be6 17. Nxe7+ Qxe7 18. Nd5 Qb7 19. h4 Bxd5 20. Qxd5 Qxd5 21.
exd5 Bd8 22. Bh3 f5 23. g4 g6 24. h5 Kg7 25. hxg6 hxg6 26. gxf5 gxf5 27. Ke2 Bg5 28. f3 Kf6 29. Kd3 Rbc8 30. Bf1 Rc5 31. Kc2 Rxd5 32. Bd3 Rc8 33. Rad1 b4 34. axb4 axb4 35. c4 Rd4 36. Kb3 Rf4 37. Be2 Rc6 38. Rh8 Rh4 39. Rxh4 Bxh4 40. Ra1 Bf2 41. Ra8 Rc7 42. Rg8 Bc5 43. Rg2 Rh7 44. Rh2 Rxh2 0-1

[Event "*** Titled Tuesday Blitz"]
[Site "Chess.com"]
[Date "2020.05.12"]
[Round "5"]
[White "mamey78"]
[Black "mirceaparligras"]
[Result "1-0"]
[WhiteElo "2367"]
[BlackElo "2573"]
[TimeControl "180+1"]
[EndTime "10:56:26 PDT"]
[Termination "mamey78 won by resignation"]

1. e4 c5 2. Nf3 d6 3. d4 cxd4 4. Nxd4 Nf6 5. Nc3 a6 6. Bg5 e6 7. f4 Qc7 8. Bxf6 gxf6 9. f5 Nc6 10. fxe6 fxe6 11. Bc4 Nxd4 12. Qxd4 Rg8 13. O-O-O Bh6+ 14. Kb1 Bf4 15. Qxf6 Be5 16. Nb5 Qd7 17. Nxd6+ Qxd6 18. Rxd6 Bxf6 19. Bxe6 Ke7 20. Bxg8 Kxd6 21. Bxh7 Be6 22. Bf5 Ke5 23. Rf1 Rd8 24. a3 Rd2 25. g4 Rxh2 26. Rd1 Rh8 27. Re1 Rd8 28. Rg1 Bg5 29. Rf1 Bf4 30.
Bxe6 Kxe6 31. Rxf4 Ke5 32. Rf7 b5 33. g5 Rd1+ 34.
Ka2 Rg1 35. Ra7 Kxe4 36. Rxa6 Rxg5 37. Ra5 Kd4 38. c3+ Kc4 39. a4 Rg8 40. Rxb5 Ra8 41.
Rb4+ Kc5 42. Ka3 Ra7 43. b3 Ra8 44. Rb5+ Kc6 45. b4 Re8 46. Rc5+ Kb6 47. a5+ Kb7 48.
c4 Re3+ 49. Ka4 Re1 50. Kb5 Re6 51. Rg5 Re7 52. a6+ Ka7 53. Rd5 Rc7 54. c5 Re7 55. Ka5 Rc7 56. Rd6 Kb8 57. c6 Ka7 58. Rd7 Kb8 59.
Rxc7 Kxc7 60. b5 1-0

[Event "*** Titled Tuesday Blitz"]
[Site "Chess.com"]
[Date "2020.05.12"]
[Round "5"]
[White "Kotofeyca"]
[Black "Buffy7"]
[Result "1-0"]
[WhiteElo "2448"]
[BlackElo "2671"]
[TimeControl "180+1"]
[EndTime "10:56:26 PDT"]
[Termination "Kotofeyca won by resignation"]

1. d4 Nf6 2. c4 e6 3. Nf3 b6 4. g3 Ba6 5. Qa4 Bb7 6. Bg2 c5 7. dxc5 bxc5 8. O-O Be7 9. Rd1 O-O 10. Nc3 Qb6 11.
Bf4 d6 12. Rd2 Rd8 13. Rad1 Ne8 14. Nb5 Bc6 15. Qc2 d5 16. Ne5 Bxb5 17. cxb5 Qxb5 18. e4 d4 19. Nc4 Nc6 20. e5 Rac8 21. b3 Nb4 22. Qe4 Nd5 23. h4 Nc3 24. Qd3 Nxd1 25. Rxd1 a5 26. Be4 h6 27. Kg2 a4 28. Qf3 axb3 29.
axb3 Bf8 30. g4 Rb8 31. Rd3 g6 32. Bd2 Qa6 33. Qf4 Qa2 34. Rf3 Rd7 35. Bc6 Rc7 36. Ba4 Ra8 37. Nd6 Nxd6 38. exd6 Bxd6 39. Qxd6 Raa7 40.
Qd8+ Kh7 41. Qf8 Qxd2 42. Be8 Qe2 43. Bxf7 Rc8 44. Qxc8 Qxf3+ 45. Kxf3 Rxf7+ 46. Kg3 g5 47. Qxc5 Kg7 48. Qxd4+ e5 49. Qxe5+ Kg8 50. h5 Rb7 51.
Qd5+ Kf8 52. Qxb7 1-0

[Event "*** Titled Tuesday Blitz"]
[Site "Chess.com"]
[Date "2020.05.12"]
[Round "5"]
[White "archess2"]
[Black "GM_DarwinLaylo"]
[Result "1/2-1/2"]
[WhiteElo "2320"]
[BlackElo "2517"]
[TimeControl "180+1"]
[EndTime "10:56:26 PDT"]
[Termination "Game drawn by repetition"]

1. d4 Nf6 2. c4 g6 3. Nc3 d5 4. Nf3 Bg7 5. h4 O-O 6. h5 Nxh5 7. Nxd5 c5 8. dxc5 Na6 9. Be3 Bxb2 10. Rb1 Bg7 11.
Qd2 Rb8 12. Bd4 Bf5 13. Rd1 Nf6 14. Nxf6+ exf6 15. e3 Qc7 16. Be2 Nxc5 17. Nh4 Be6 18. Qb4 b6 19. O-O a5 20. Qc3 Qe7 21. Nf3 Ne4 22. Qc2 Nc5 23. Bd3 Rfc8 24. Nd2 b5 25. cxb5 Nb3 26. Qb2 Nxd4 27. exd4 f5 28. Rfe1 Qb4 29.
Qxb4 axb4 30. Nb3 Ra8 31. b6 Rcb8 32. b7 Rxb7 33. Nc5 Rb6 34. Nxe6 Rxe6 35. Rxe6 fxe6 36.
Bc4 Kf7 37. d5 Rd8 38. dxe6+ Ke7 39. Rxd8 Kxd8 40. Kf1 Ke7 41. Ke2 Bd4 42. f3 g5 43.
Kd3 Bc5 44. Bb3 h5 45. Kc4 Bd6 46. Kd5 g4 47. fxg4 fxg4 48. Bc2 Bc7 49. Bg6 h4 50.
Bf5 g3 51. Bh3 Bd6 52. Bg4 Bc7 53. Bh3 Bd6 54. Kc6 Be5 55. Kb5 Bd6 56. Kc4 Bc7 57. Kd4 Bd6 58. Ke4 Bc7 59. Kf5 Bd8 60. Kg4 Kd6 61.
Kf5 Be7 62. Kg6 Kc7 63. Kf7 Kd8 64. Bg4 Bd6 65. Kg6 Be7 66. Bf5 Bd6 67. Kf7 Be7 68. Bg4 Bd6 69. Bh3 Be7 70. Bf5 Bd6 71. Bg4 Be7 72. Bh3 Bd6 73. Bg4 Be7 74. Bh3 Bd6 75.
Bg4 1/2-1/2

[Event "*** Titled Tuesday Blitz"]
[Site "Chess.com"]
[Date "2020.05.12"]
[Round "5"]
[White "Ave_Mariia"]
[Black "Chessmatus"]
[Result "0-1"]
[WhiteElo "2252"]
[BlackElo "2470"]
[TimeControl "180+1"]
[EndTime "10:56:27 PDT"]
[Termination "Chessmatus won by resignation"]

1. c4 Nf6 2. Nc3 e5 3. g3 d5 4. cxd5 Nxd5 5. Bg2 Nxc3 6. bxc3 Bc5 7. d3 O-O 8. Nf3 Nc6 9. O-O Rb8 10. Bb2 b6 11. d4 Bd6 12. c4 exd4 13. Nxd4 Na5 14. Rc1 Bd7 15. Nb3 Nxb3 16. axb3 Re8 17. Qd3 a5 18.
Rfd1 Qe7 19. e3 Rbd8 20. Qe2 Bc8 21. Rd3 Be5 22. Rcd1 Rxd3 23. Rxd3 Bxb2 24. Qxb2 Rd8 25. Rd5 Be6 26. Qe5 Qf8 27. Rd4 Rxd4 28. exd4 Qd6 29. Qxd6 cxd6 30. Bc6 Kf8 31. d5 Bf5 32. Kf1 Ke7 33. Ke2 Kf6 34. Ke3 g5 35. f4 gxf4+ 36.
Kxf4 Bc2 37. Ba4 h5 38. h4 Kg6 39. Ke3 Kf5 40. Kd2 Be4 41. Ke3 Bh1 42. Kf2 Kg4 43. Bd7+ f5 44. Be6 Be4 45. Bd7 Bc2 46. Ba4 f4 47. Bd7+ Bf5 48. Be8 fxg3+ 49. Kg2 Be4+ 50. Kg1 Kxh4 51. Bd7 Kg5 52. Be8 h4 53. Bd7 Kf4 54. Be6 Bf5 55. Kg2 Bg4 56. Bf7 h3+ 57. Kg1 h2+ 0-1

[Event "*** Titled Tuesday Blitz"]
[Site "Chess.com"]
[Date "2020.05.12"]
[Round "5"]
[White "RobertoJBM"]
[Black "mc4chess"]
[Result "1-0"]
[WhiteElo "2583"]
[BlackElo "2410"]
[TimeControl "180+1"]
[EndTime "10:56:28 PDT"]
[Termination "RobertoJBM won on time"]

1. d4 Nf6 2. c4 e5 3. dxe5 Ng4 4. Bf4 Nc6 5. Nf3 Bb4+ 6. Nbd2 Qe7 7. e3 Ngxe5 8. Nxe5 Nxe5 9. a3 Bxd2+ 10. Qxd2 O-O 11. Be2 d6 12. O-O b6 13. f3 Ng6 14. Bg3 Bb7 15.
Rfe1 f5 16. Bd3 Ne5 17. Be2 Rae8 18. Rad1 Ng6 19. Bd3 Ne5 20. Be2 a5 21. b3 Ng6 22.
Bd3 Ne5 23. Be2 Kh8 24. Qc3 Ng6 25. Bd3 Qg5 26. Qd2 h5 27. f4 Qf6 28. h3 Re7 29. Bf2 Rfe8 30. Bf1 Re6 31. Kh2 Ne7 32. b4 axb4 33. axb4 Qg6 34. Bh4 Ng8 35. c5 bxc5 36. bxc5 dxc5 37. Qc3 Nf6 38. Qxc5 Ne4 39. Qxc7 Bc6 40.
Rd8 Kh7 41. Rxe8 Rxe8 42. Qa5 Ra8 43. Qb6 Nd2 44. Qb2 Nxf1+ 45. Rxf1 Bd5 46. Rf2 Ra2 47.
Qxa2 Bxa2 48. Rxa2 Qe6 49. Re2 Qc4 50. Re1 Kg6 51. Kg1 Qc3 52. Kf2 Qc2+ 53. Re2 Qe4 54. Rd2 Qb4 55. Rc2 Kh7 56. Re2 1-0

[Event "*** Titled Tuesday Blitz"]
[Site "Chess.com"]
[Date "2020.05.12"]
[Round "5"]
[White "Revnov"]
[Black "Onischuk_V"]
[Result "1/2-1/2"]
[WhiteElo "2686"]
[BlackElo "2826"]
[TimeControl "180+1"]
[EndTime "10:56:29 PDT"]
[Termination "Game drawn by agreement"]

1. e4 d6 2. d4 Nf6 3. Nc3 g6 4. Nge2 Bg7 5. h3 e5 6. g4 O-O 7. Bg2 Nc6 8. Be3 exd4 9. Nxd4 Re8 10. O-O Ne5 11. Nde2 Nc4 12. Bc1 Bd7 13. Re1 Bc6 14. Nd4 Nd7 15. b3 Qf6 16. Nde2 Ncb6 17. Be3 Nc5 18.
Bd4 Qh4 19. Bxg7 Kxg7 20. Nd4 Ne6 21. Qd2 Qf6 22. Nde2 Ng5 23. Nd4 Ne6 24. Nxe6+ fxe6 25. f4 Rf8 26. Rf1 e5 27. f5 g5 28. a4 h6 29.
Nd1 Nd7 30. Ne3 Kh8 31. Bf3 Qg7 32. Kg2 Nf6 33. Qd3 h5 34. a5 h4 35. c4 a6 36. Nd1 Rfd8 37. Nc3 Be8 38. Rfd1 Bf7 39. Qe3 Kh7 40. Rd2 Kh6 41. Rad1 Qf8 42. Kg1 Qe7 43. Be2 c5 44. Na4 Rab8 45. Nb6 Qc7 46. Bf3 Be8 47. Rd3 Bc6 48. R1d2 Qe7 49. Qe2 Ne8 50. Qd1 Kg7 51.
Kf2 Kh6 52. Ke3 Kg7 53. Qb1 Kh6 54. b4 cxb4 55. Qxb4 Kg7 56. Qa3 Kh6 57. Ke2 Kg7 58. Ke3 Kh6 59. Bd1 Kg7 60. Ba4 Kh6 61. Bxc6 bxc6 62.
Kf3 1/2-1/2

[Event "*** Titled Tuesday Blitz"]
[Site "Chess.com"]
[Date "2020.05.12"]
[Round "5"]
[White "Robert_Chessmood"]
[Black "Vuk2000"]
[Result "1-0"]
[WhiteElo "2953"]
[BlackElo "2625"]
[TimeControl "180+1"]
[EndTime "10:56:29 PDT"]
[Termination "Robert_Chessmood won by checkmate"]

1. e4 e6 2. d4 d5 3. Nc3 Bb4 4. e5 c5 5. dxc5 Bxc3+ 6. bxc3 Ne7 7. Nf3 Nd7 8. Bd3 Nxc5 9. O-O Bd7 10. Be3 Rc8 11. Rb1 b6 12. Bxc5 Rxc5 13. Rb4 Rxc3 14. Rg4 g6 15. Qd2 h5 16. Rf4 Rc5 17. Rf6 Ng8 18.
Rxg6 fxg6 19. Bxg6+ Kf8 20. Qf4+ Kg7 21. Qf7+ Kh6 22. Bxh5 Be8 23. Qxe6+ Nf6 24. exf6 Bxh5 25. f7+ Kg7 26. Nd4 Bg6 27. Re1 Qf6 28. Qd7 Qxf7 29. Ne6+ Kh6 30. Nxc5 bxc5 31. Qh3+ Kg7 32. Qc3+ d4 33.
Qxc5 Rd8 34. Re7 d3 35. Rxf7+ Kxf7 36. cxd3 Rxd3 37. h3 Rd7 38. Kh2 Kg7 39. f3 Bf7 40. Qc3+ Kg8 41. a3 Rd5 42. Qc8+ Kg7 43. Qc3+ Kg8 44.
h4 a5 45. Qc8+ Kg7 46. Qc3+ Kg8 47. g4 Kh7 48. Qc2+ Kg7 49. Qc3+ Kh7 50. Kg3 Bg6 51. Qc7+ Kh6 52. Qc3 Kh7 53. h5 Bf7 54. Qc2+ Kg8 55. Qc3 Rd7 56. h6 Rd5 57. Qg7# 1-0

[Event "*** Titled Tuesday Blitz"]
[Site "Chess.com"]
[Date "2020.05.12"]
[Round "5"]
[White "Baronessa08"]
[Black "RianKapriaga"]
[Result "1/2-1/2"]
[WhiteElo "2457"]
[BlackElo "2227"]
[TimeControl "180+1"]
[EndTime "10:56:29 PDT"]
[Termination "Game drawn by repetition"]

1. c4 e5 2. g3 Nc6 3. Bg2 g6 4. Nc3 Bg7 5. Nf3 d6 6. O-O h6 7. e3 Be6 8. Nd5 Nce7 9. Ne1 c6 10. Nxe7 Nxe7 11. b3 Qd7 12. Bb2 Bh3 13. f4 h5 14.
Nf3 Bxg2 15. Kxg2 h4 16. Nxh4 O-O-O 17. Kg1 Rh7 18. Nf3 Rdh8 19. fxe5 dxe5 20. Bxe5 Bxe5 21. Nxe5 Qe6 22. Nf3 Qg4 23. Qe1 Nf5 24. Qf2 Rh3 25. Ne5 Qe4 26. Nf3 Nxg3 27. Qxg3 Rxg3+ 28. hxg3 Qg4 29. Kf2 Rh5 30. d3 Rf5 31. Kg2 Rh5 32. Rh1 Qd7 33. Rxh5 gxh5 34. d4 Qe7 35. Kf2 Qe4 36.
Re1 Qc2+ 37. Re2 Qf5 38. Kg2 a5 39. Ne5 f6 40. Nf3 Qe4 41. Kf2 Kb8 42. Nd2 Qf5+ 43. Nf3 Qe4 44. Nd2 Qf5+ 45. Nf3 Qh3 46. e4 Kc7 47. e5 fxe5 48. dxe5 Qe6 49. Ng5 Qf5+ 50. Nf3 Qe6 51. Ng5 Qf5+ 52. Nf3 Qe6 1/2-1/2

[Event "*** Titled Tuesday Blitz"]
[Site "Chess.com"]
[Date "2020.05.12"]
[Round "5"]
[White "Mili_Brizzi"]
[Black "DanilNajdin"]
[Result "1-0"]
[WhiteElo "2460"]
[BlackElo "2287"]
[TimeControl "180+1"]
[EndTime "10:56:29 PDT"]
[Termination "Mili_Brizzi won by resignation"]

1. d4 d5 2. c4 e6 3. Nf3 Nf6 4. g3 Be7 5. Bg2 O-O 6. O-O c6 7. Qc2 b6 8. Rd1 Bb7 9. Bf4 Nbd7 10. Nbd2 Rc8 11. e4 c5 12. exd5 exd5 13. dxc5 Nxc5 14. Nd4 dxc4 15. Nxc4 Bxg2 16. Kxg2 Qd5+ 17. Nf3 Qb7 18.
Nd6 Bxd6 19. Bxd6 Nce4 20. Qa4 Rfe8 21. Bf4 b5 22. Qd4 g5 23. Be5 Rxe5 24. Qxe5 g4 25. Nh4 Ng5+ 26. Kf1 Nh3 27. f3 Qb6 28. Qd4 Qc6 29. Rd3 Re8 30. Nf5 Qe6 31. Ne3 gxf3 32. Qh4 b4 33. Rad1 Nd5 34. Qg4+ Qxg4 35. Nxg4 Nb6 36. Nf6+ Kf8 37. Nxe8 Kxe8 38. Rxf3 Ng5 39.
Rf2 Ke7 40. Re2+ Ne6 41. Kg2 Nc4 42. b3 Nd6 43. h4 Nf5 44. Rf1 Nd4 45. Ref2 f5 46.
Rxf5 Nxf5 47. Rxf5 Kd6 48. Ra5 Nd4 49. Rxa7 Kd5 50. Rxh7 Nb5 51. Rb7 Nc3 52. Rxb4 Nxa2 53.
Rg4 Nc3 54. h5 1-0

[Event "*** Titled Tuesday Blitz"]
[Site "Chess.com"]
[Date "2020.05.12"]
[Round "5"]
[White "GukeshDommaraju"]
[Black "SirMittensofMittensville"]
[Result "0-1"]
[WhiteElo "2731"]
[BlackElo "2585"]
[TimeControl "180+1"]
[EndTime "10:56:30 PDT"]
[Termination "SirMittensofMittensville won by resignation"]

1. e4 e5 2. Nf3 Nc6 3. Bb5 a6 4.
Ba4 Nf6 5. O-O b5 6. Bb3 Bc5 7. c3 d6 8. d4 Bb6 9. a4 Rb8 10.
a5 Ba7 11. h3 h6 12. Be3 Ra8 13. Re1 O-O 14. Nbd2 Re8 15. d5 Ne7 16. Bxa7 Rxa7 17. c4 bxc4 18. Bxc4 Ng6 19. b4 Nf4 20. Bf1 Nh7 21. Kh2 f5 22. g3 Ng6 23. exf5 Bxf5 24. Ne4 Rf8 25. Nfd2 Nf6 26. Nxf6+ Qxf6 27. Ra2 Ne7 28. Ne4 Qf7 29. Bg2 Kh8 30. Rd2 Rb7 31.
Qa4 Rfb8 32. Rb1 Qg6 33. f3 Ng8 34. Qc6 Ra7 35. b5 axb5 36. Rxb5 Rba8 37. Rb7 Bxe4 38. fxe4 Rxb7 39. Qxb7 Rxa5 40. Qxc7 Ra3 41. g4 Qf6 42. Rd1 Qf4+ 43. Kh1 Rxh3+ 44. Bxh3 Qf3+ 45. Kh2 Qe2+ 46. Bg2 Qxd1 47. Qxd6 Nf6 48. Qf8+ Kh7 49. d6 Qxg4 50. Qe7 Qf4+ 51. Kg1 Ng4 52. Qh4 Qc1+ 53. Bf1 Qe3+ 54.
Kh1 Qxe4+ 55. Kg1 Qd4+ 56. Kg2 Ne3+ 57. Kh3 Qxh4+ 58. Kxh4 Nf5+ 0-1

[Event "*** Titled Tuesday Blitz"]
[Site "Chess.com"]
[Date "2020.05.12"]
[Round "5"]
[White "Kildepiotr"]
[Black "Y0ung_Capablanca"]
[Result "1-0"]
[WhiteElo "2556"]
[BlackElo "2694"]
[TimeControl "180+1"]
[EndTime "10:56:30 PDT"]
[Termination "Kildepiotr won by resignation"]

1. e4 Nf6 2. d3 d5 3. Nd2 c5 4. Ngf3 Nc6 5. g3 Bg4 6. Bg2 e6 7. O-O Be7 8. h3 Bxf3 9. Qxf3 O-O 10. Qe2 Qb6 11. Kh2 Rfe8 12. e5 Nd7 13. f4 f5 14.
exf6 Bxf6 15. c3 Kh8 16. Nf3 Qc7 17. Bd2 Nf8 18. Rae1 Re7 19. Ne5 Rae8 20. Ng4 Nd7 21. Nxf6 Nxf6 22. Qf2 b6 23. g4 Rf8 24. Qg3 Qd7 25. Re2 Ref7 26. Rfe1 Nd8 27. Bf3 Qd6 28.
f5 Qxg3+ 29. Kxg3 exf5 30. g5 Ne4+ 31. dxe4 fxe4 32. Bg4 Nc6 33. c4 dxc4 34. Rxe4 Nd4 35. Bc3 Nf5+ 36. Bxf5 Rxf5 37. h4 Kg8 38. Re8 b5 39.
Rxf8+ Rxf8 40. Re7 Rf7 41. Rxf7 Kxf7 42. Kf4 Kg6 43.
Kg4 Kf7 44. Kf5 b4 45. Be5 g6+ 46. Ke4 Ke6 47. Bf4 a5 48. Bg3 a4 49. Be5 b3 50.
a3 Kd7 51. Kd5 Ke7 52. Kxc4 Ke6 53. Bc3 Kf5 54. Kxc5 Kg4 55. Bg7 Kxh4 56. Bh6 Kg4 57. Kb4 Kf3 58. Kxa4 Ke4 59. Kxb3 Kd5 60. Kb4 1-0

[Event "*** Titled Tuesday Blitz"]
[Site "Chess.com"]
[Date "2020.05.12"]
[Round "5"]
[White "NemtsevIgor"]
[Black "Keks2017"]
[Result "1/2-1/2"]
[WhiteElo "2288"]
[BlackElo "2448"]
[TimeControl "180+1"]
[EndTime "10:56:30 PDT"]
[Termination "Game drawn by agreement"]

1. d4 d6 2. Nf3 Nf6 3. Bf4 g6 4. e3 Bg7 5. Be2 O-O 6. O-O c5 7. c3 Be6 8. Nbd2 Qb6 9. Ng5 Bf5 10. Nc4 Qc7 11. Qb3 Nbd7 12. a4 h6 13. Nf3 g5 14.
Bg3 Ne4 15. Rfd1 Nxg3 16. hxg3 Rfc8 17. d5 Nf6 18. Bd3 Bg4 19. e4 Nd7 20. Ne3 Bxf3 21. gxf3 Ne5 22. Be2 Ng6 23. Nf5 Bf8 24. Kg2 c4 25.
Qc2 e6 26. dxe6 fxe6 27. Nd4 Qf7 28. a5 Rc5 29. a6 b6 30. Qa4 Rac8 31. Nb5 d5 32.
exd5 exd5 33. Nd4 Bg7 34. Rd2 Re8 35. Qc2 Ne5 36. Nf5 Bf8 37. Rad1 Rd8 38. Rh1 Rd6 39.
Qd1 Rf6 40. g4 Ng6 41. Rd4 Nf4+ 42. Rxf4 gxf4 43. Qd4 Rxf5 44. gxf5 Qxf5 45. Kf1 Rc7 46. Rg1+ Rg7 47. Rg4 Rxg4 48. fxg4 Qe4 49. Qxe4 dxe4 50. Bxc4+ Kg7 51. Bd5 e3 52. fxe3 fxe3 53. Ke2 Kf6 54. Kxe3 Ke5 55. Bb7 Be7 56. Kf3 Bg5 57. b3 Bd2 58. c4 Kd4 59. Bc6 Bg5 60. Bb5 Bd2 61. Bc6 1/2-1/2

[Event "*** Titled Tuesday Blitz"]
[Site "Chess.com"]
[Date "2020.05.12"]
[Round "5"]
[White "Beca95"]
[Black "DanielDardha2005"]
[Result "0-1"]
[WhiteElo "2902"]
[BlackElo "2630"]
[TimeControl "180+1"]
[EndTime "10:56:31 PDT"]
[Termination "DanielDardha2005 won on time"]

1. e3 Nf6 2. c4 c5 3. Nc3 Nc6 4. Nf3 g6 5. d4 cxd4 6. exd4 d5 7. cxd5 Nxd5 8. Bc4 Nxc3 9. Qb3 e6 10. bxc3 Bg7 11. Ba3 Bd7 12. Be2 Na5 13. Qc2 Bf8 14. Bxf8 Kxf8 15.
h4 h6 16. Ne5 Nc6 17. f4 h5 18. Qb2 Rb8 19. Bf3 Kg8 20. Kf2 Ne7 21. Be4 Bc6 22. Bd3 Qd5 23. Rh2 Rd8 24. Re1 Kg7 25. Be4 Qd6 26. Bb1 b6 27. Rh3 Ba8 28. Rg3 Nf5 29. Bxf5 exf5 30. c4 Qxd4+ 31. Qxd4 Rxd4 32. Nf3 Rxf4 33. Re7 Rc8 34. Ke3 Re4+ 35. Rxe4 Bxe4 36. Ne5 Kf6 37.
Kf4 Ke6 38. Ra3 Rc7 39. g3 Kd6 40. Rb3 Kc5 41. Kg5 Kd4 42. Kf6 Bc2 43. Rb2 Be4 44.
Nxf7 Kc3 45. Rf2 Rc6+ 46. Kg5 Rxc4 47. Ne5 Rc5 48. Nxg6 f4+ 49. Kh6 Rc6 50. Rxf4 Bxg6 51. Kg5 Be8 52. Re4 Rg6+ 53. Kf5 Rg8 54. Re7 Bg6+ 0-1

[Event "*** Titled Tuesday Blitz"]
[Site "Chess.com"]
[Date "2020.05.12"]
[Round "5"]
[White "Sychev_Klementy"]
[Black "Mr_Sinigami"]
[Result "1-0"]
[WhiteElo "2855"]
[BlackElo "2602"]
[TimeControl "180+1"]
[EndTime "10:56:31 PDT"]
[Termination "Sychev_Klementy won by resignation"]

1. e4 c5 2. Nf3 e6 3. d4 cxd4 4. Nxd4 a6 5. Bd3 Nf6 6. O-O Qc7 7. Qe2 d6 8. f4 Nbd7 9. Nc3 Be7 10. a4 b6 11. Bd2 Bb7 12. Rae1 O-O 13. Kh1 Rfd8 14. e5 dxe5 15. fxe5 Qxe5 16. Qf2 Qh5 17. Be2 Qg6 18. Bd3 Qh5 19. Be2 Qc5 20. Be3 Qc8 21. Qg3 Nf8 22. Nf3 Bc5 23. Bg5 N8d7 24. Nh4 Qc6 25. Bxf6 Nxf6 26. Rxf6 Bd6 27. Qg4 Be7 28.
Rf2 Rd2 29. Bf3 Rxf2 30. Bxc6 Bxc6 31. Nf3 Bf6 32. Qg3 Rxc2 33. h3 Rc8 34. Ne4 Bxe4 35.
Rxe4 h6 36. Qd6 Rxb2 37. Qd7 Rd8 38. Qb7 Rb1+ 39. Kh2 b5 40. axb5 axb5 41. Qb6 h5 42. Rd4 Re8 43. Rd7 Rf8 44. Qb7 h4 45. Rc7 b4 46. Rc8 Rxc8 47. Qxc8+ Kh7 48. Qc2+ g6 49. Qxb1 1-0

[Event "*** Titled Tuesday Blitz"]
[Site "Chess.com"]
[Date "2020.05.12"]
[Round "5"]
[White "Bubachess1608"]
[Black "ClassyEl"]
[Result "0-1"]
[WhiteElo "2309"]
[BlackElo "2519"]
[TimeControl "180+1"]
[EndTime "10:56:32 PDT"]
[Termination "ClassyEl won on time"]

1. e4 d6 2. f4 c5 3. Nf3 g6 4. g3 Bg7 5. Bg2 Nc6 6. d3 e6 7.
c3 Nge7 8. Be3 O-O 9. O-O Rb8 10.
a4 a6 11. Bf2 b5 12. axb5 axb5 13. d4 cxd4 14. cxd4 b4 15. Nbd2 d5 16. e5 Qb6 17.
Nb3 Ba6 18. Re1 Ra8 19. Nc5 Rfd8 20. Qd2 b3 21. Ra3 Bc4 22. Rea1 Rxa3 23. Rxa3 Qb5 24.
g4 Bf8 25. Bh4 Rc8 26. Nd7 Qb4 27. Nxf8 Qxd2 28. Nxd2 Kxf8 29. Nxb3 Rb8 30. Nc5 Kg7 31. Bf6+ Kg8 32. Bxe7 Nxe7 33. b3 Be2 34. h3 Nc6 35. f5 gxf5 36. gxf5 Nxd4 37. f6 h5 38. Kf2 Bd1 39. b4 Nf5 40. Nd7 Rd8 41. Ra7 Ba4 42. Rxa4 Rxd7 43. Ra8+ Kh7 44. Bf3 Kg6 45. Rg8+ Kh6 46.
Rf8 h4 47. b5 Rb7 48. b6 Kg5 49. Rg8+ Kf4 50. Rg7 Kxe5 51. Bg4 Kxf6 52. Rg8 Rxb6 53. Bxf5 Kxf5 54. Rh8 Rb2+ 55. Kf3 Rb3+ 56. Kg2 Rb4 0-1